Map: Coda EC

Players

RedXIII - Winner!

  • Race: Protoss Protoss
  • League: Grandmaster

AgCl

  • Race: Protoss Protoss
  • League: Grandmaster

VOD

Have the link to the VOD?

Description

Time

  • Played on: July 2, 2015, 5:32 p.m.
  • Length: 7:37
Show
View Real Time Build Order
Export as new Build Order

RedXIII Protoss - Winner!

Build Orders: Cannon Rush 

Get SALT Encoding   

  12  0:01  Probe  
  13  0:17  Pylon  
  13  0:18  Probe  
  14  0:35  Forge  
  14  0:37  Probe (Chrono Boost)  
  15  0:47  Probe (Chrono Boost)  
  16  0:54  Probe  
  17  1:06  Probe (Chrono Boost)  
  18  1:12  Pylon  
  18  1:27  Pylon  
  18  1:31  Photon Cannon  
  18  1:37  Pylon, Photon Cannon  
  18  1:41  Pylon  
  18  1:48  Photon Cannon  
  18  1:54  Pylon  
  18  2:01  Photon Cannon  
  18  2:07  Photon Cannon  
  18  2:17  Photon Cannon  
  18  2:25  Pylon  
  18  2:43  Photon Cannon  
  18  2:45  Photon Cannon  
  18  2:48  Pylon  
  18  3:02  Pylon  
  18  3:03  Pylon  
  18  3:09  Pylon  
  18  3:18  Photon Cannon  
  18  3:28  Photon Cannon  
  18  3:40  Pylon  
  18  3:42  Pylon  
  18  3:48  Pylon  
  18  3:59  Photon Cannon  
  18  4:40  Photon Cannon  
Show
View Real Time Build Order
Export as new Build Order

AgCl Protoss 

Build Orders: Nexus First 

Get SALT Encoding   

  12  0:03  Probe  
  13  0:15  Probe  
  14  0:32  Pylon  
  14  0:38  Assimilator  
  15  0:50  Probe  
  15  1:03  Nexus  
  15  1:06  Probe  
  17  1:21  Gateway  
  17  1:24  Probe (Chrono Boost)  
  17  1:34  Probe (Chrono Boost)  
  18  1:41  Probe  
  19  1:54  Probe  
  20  2:08  Pylon  
  20  2:10  Probe  
  21  2:18  Probe  
  21  2:22  Probe, Zealot (Chrono Boost)  
  25  2:27  Forge  
  25  2:30  Probe  
  18  5:30  Pylon  
Tags
 
Add a new tag
Caveats
  • Supply blocks, unpowered buildings, or Contaminate may cause inaccurate times.
  • Supply counts are checked every 10 seconds.